 Dungeon Crawl Stone Soup version 0.24.1-14-gf8d2b509d9 (webtiles) character file.

Game seed: 1868028770066557977, levelgen mode: deterministic

1167 retardedninja the Cleaver (level 8, 0/102 HPs)
             Began as a Hill Orc Fighter on Jan 19, 2023.
             Was an Initiate of Gozag.
             Slain by an orc warrior
             ... wielding a +0 dire flail
              (7 damage)
             ... on level 6 of the Dungeon.
             The game lasted 00:08:34 (4430 turns).

retardedninja the Cleaver (Hill Orc Fighter)        Turns: 4430, Time: 00:08:36

Health: 0/102      AC: 24    Str: 21    XL:     8   Next: 40%
Magic:  8/8        EV:  2    Int:  8    God:    Gozag
Gold:   164        SH: 10    Dex: 12    Spells: 7/7 levels left

rFire    + . .     SeeInvis .   a - +0 war axe
rCold    . . .     Gourm    +   c - +0 shield
rNeg     + + +     Faith    .   (armour currently unavailable)
rPois    +         Spirit   .   (helmet currently unavailable)
rElec    .         Reflect  .   (cloak currently unavailable)
rCorr    .         Harm     .   (gloves currently unavailable)
MR       .....     NoTele   +   (boots currently unavailable)
Stlth    +.........             A - amulet of the gourmand
HPRegen  0.27/turn              p - +2 ring of dexterity
MPRegen  0.11/turn              z - ring of protection from fire

@: tree-form
A: no striking features
a: Potion Petition, Call Merchant, Bribe Branch, Renounce Religion


You were on level 6 of the Dungeon.
You worshipped Gozag.
Gozag was aware of your devotion.
You were not hungry.
You were a tree.
You visited 2 branches of the dungeon, and saw 7 of its levels.

You collected 225 gold pieces.
You paid 61 gold pieces to Gozag.

Inventory:

Hand Weapons
 a - a +0 war axe (weapon)
Armour
 b - a +0 scale mail (melded)
 c - a +0 shield (worn)
 d - a +1 chain mail
 g - a +0 cloak (melded)
 q - a +0 pair of gloves (melded)
Jewellery
 p - a +2 ring of dexterity (left branch)
 z - a ring of protection from fire (right branch)
 A - an amulet of the gourmand (around neck)
Wands
 l - a wand of flame (17)
 y - a wand of acid (7)
Scrolls
 e - a scroll of fog {unknown}
 j - a scroll of amnesia {unknown}
 m - a scroll of identify
 n - a scroll of magic mapping
 o - 3 scrolls of remove curse
 t - a scroll of random uselessness
 x - a scroll of teleportation {unknown}
Potions
 i - a potion of experience {unknown}
 k - 3 potions of brilliance
 r - a potion of lignification
 u - 2 potions of degeneration {unknown}
 v - a potion of haste {unknown}
 w - a potion of heal wounds {unknown}
Comestibles
 f - a ration


   Skills:
 + Level 5.1 Fighting
 + Level 8.9 Axes
 + Level 6.3 Armour
 + Level 1.2 Dodging
 + Level 0.6 Stealth
 + Level 5.2 Shields


You had 7 spell levels left.
You didn't know any spells.
Your spell library contained the following spells:

 Spells                   Type           Power        Failure   Level  Hunger
 Animate Skeleton         Necr           N/A          83%         1    ##.....
 Lesser Beckoning         Tloc           #.........   99%         3    ####...
 Death Channel            Necr           #.........   100%        6    #######
 Simulacrum               Ice/Necr       #.........   100%        6    #######


Dungeon Overview and Level Annotations

Branches:
Dungeon (5/15)             Temple (1/1) D:4

Altars:
Ashenzari
Cheibriados
Dithmenos
Elyvilon
Fedhas
Gozag
Hepliaklqana
Kikubaaqudgha
Makhleb
Nemelex Xobeh
Okawaru
Qazlal
Sif Muna
Trog
Uskayaw
Vehumet
Wu Jian
Xom
Yredelemnul
Zin
The Shining One

Shops:
D:4 ((!   D:6 [


Message History

The sky beast misses you.
The orc warrior hits you with a +0 dire flail!
* * * LOW HITPOINT WARNING * * *
You continue putting on your +0 scale mail.
You block the sky beast's attack. You block the orc warrior's attack.
You finish putting on your +0 scale mail.
Unknown command.
Unknown command.
You feel better. The sky beast hits you.
* * * LOW HITPOINT WARNING * * *
The sky beast shocks you.
* * * LOW HITPOINT WARNING * * *
It was a potion of lignification.
You turn into a tree.
Your +0 cloak melds into your body.
Your +0 pair of gloves melds into your body.
Your +0 scale mail melds into your body.
Your roots penetrate the ground.
The orc warrior hits you with a +0 dire flail!
You die...
Your body crumbles into a pile of gold.

******,**,*,,,,*,,,,* *,****,**,,
** *,**,,,,**#..,,# *,* *,****
,** *,***,,,*##..,.# *,* *,* *
,,** *,* #,,**#...,.##*,* *,* *
,,,***,* #.,* #..#...#*,****,* *
,,,,,,,* #..###..#.#.##,,,,,,* *
,,,,**** *,.......,...,,,,,*** *
***,* **,*#.∩Y###.##,#*,* *
***,**** *,*#..♣##..?#.#*,* *
,,,,,,,* *,*#..o##...#.#*,*
,,,,,,,* *,*#...$....o.##.##
,,,>,,,****,*#.[#...........♣*
,,,,,,,,,,,,*#..#>...........** *
,,,,,,,******#..###[..#......,***
,,,,,,,,,,,,,...**#.$....≈≈≈.,,*,
,,,,,,,,****##..,,.....(≈≈≈≈≈,,,,
***,***,* #.#*####...≈≈♣≈≈,,,,


You could see an orc warrior and a sky beast.

Vanquished Creatures
  Pikel (D:6)
  A slave (D:6)
  An ice beast (D:3)
  A centaur (D:3)
  A scorpion (D:4)
  3 orc priests
  2 hounds (D:4)
  A bullfrog skeleton (D:4)
  Terence (D:2)
  3 worker ants
  Robin (D:2)
  2 howler monkey skeletons (D:4)
  7 adders
  A shadow imp (D:5)
  A worm (D:2)
  3 dart slugs
  6 leopard geckos
  10 orcs
  6 bats
  6 giant cockroaches
  15 goblins
  6 hobgoblins
  11 jackals (D:1)
  3 kobolds
  2 quokkas (D:3)
  7 frilled lizards
  A leopard gecko zombie (D:4)
  7 rats
110 creatures vanquished.

Vanquished Creatures (others)
  A slave (D:6)
  A bullfrog (D:6)
  An orc wizard (D:6)
  A worker ant (D:6)
  An orc (D:6)
5 creatures vanquished.

Grand Total: 115 creatures vanquished

Notes
Turn   | Place    | Note
-------+----------+-------------------------------------------
     0 | D:1      | retardedninja the Hill Orc Fighter began the quest for the
                  | Orb.
     0 | D:1      | Reached XP level 1. HP: 19/19 MP: 1/1
   109 | D:1      | Reached XP level 2. HP: 25/27 MP: 2/2
   143 | D:1      | Reached skill level 3 in Axes
   175 | D:1      | Reached XP level 3. HP: 25/33 MP: 3/3
  1058 | D:2      | Reached XP level 4. HP: 40/40 MP: 4/4
  1073 | D:2      | Noticed Robin
  1078 | D:2      | Reached skill level 4 in Axes
  1080 | D:2      | Noticed Terence
  1086 | D:2      | Killed Robin
  1093 | D:2      | Killed Terence
  1318 | D:2      | Reached skill level 5 in Axes
  1318 | D:2      | Reached XP level 5. HP: 42/46 MP: 5/5
  1664 | D:3      | Found a shadowy altar of Dithmenos.
  2348 | D:3      | Reached XP level 6. HP: 51/52 MP: 6/6
  2385 | D:3      | Noticed an ice beast
  2390 | D:3      | Killed an ice beast
  2390 | D:3      | Reached skill level 6 in Axes
  2841 | D:3      | Reached XP level 7. HP: 49/60 MP: 7/7
  2844 | D:3      | Reached skill level 7 in Axes
  3375 | D:4      | Reached skill level 1 in Dodging
  3389 | D:4      | Reached skill level 5 in Armour
  3408 | D:4      | Found a burning altar of Makhleb.
  3542 | D:4      | Found Fyuf's Antique Weapon Shop.
  3715 | D:4      | Found Zeul's Distillery.
  3816 | D:4      | Identified Kyuseagu's Reference Book on Evil Displacement
  3823 | D:4      | Found Etsi's Weapon Shoppe.
  3883 | D:4      | Found a staircase to the Ecumenical Temple.
  4061 | Temple   | Entered the Ecumenical Temple
  4100 | Temple   | Became a worshipper of Gozag Ym Sagoz the Greedy
  4238 | D:5      | Entered Level 5 of the Dungeon
  4271 | D:5      | You fall into a shaft and drop 1 floor!
  4274 | D:6      | Noticed Pikel
  4293 | D:6      | Killed Pikel
  4293 | D:6      | Reached skill level 5 in Fighting
  4293 | D:6      | Reached skill level 8 in Axes
  4293 | D:6      | Reached skill level 5 in Shields
  4293 | D:6      | Reached XP level 8. HP: 8/68 MP: 8/8
  4296 | D:6      | HP: 3/68 [worker ant (6)]
  4410 | D:6      | Found Kefoy's Armour Boutique.
  4427 | D:6      | HP: 2/68 [orc warrior/+0 dire flail (8)]
  4430 | D:6      | Slain by an orc warrior

Levels and vault maps discovered:
D:1:      roderic_chinese_lattice_arrival, layout_loops_ring
D:2:      layout_basic, uniq_robin, uniq_terence
D:3:      layout_loops_corners, grunt_dithmenos_smoke_and_mirrors
D:4:      layout_gridville, minmay_temple_entry_hall, serial_shops,
          nicolae_shop_stone, shop, shop, minmay_ruined_shrine
D:5:      layout_gridville, gammafunk_ghost_mausoleum, first_ration,
          feat_on_display
D:6:      layout_loops_ring, serial_shops, shop, shop_fountains, shop,
          nicolae_shop_crystal, chequers_serial_rivers_small_3,
          elyvilon_altar_3, uniq_pikel, uniq_sigmund, uniq_grinder
Temple:   regret_index_temple_chain_breaker

Skill      XL: |  1  2  3  4  5  6  7 |
---------------+----------------------+-----
Axes           | 3 5 6 8 |  8.9
Shields        | 4 5 |  5.2
Armour         | 4 6 |  6.3
Fighting       | 4 5 |  5.1
Dodging        | 1 |  1.2
Stealth        | |  0.6

Action                   |  1- 3 |  4- 6 |  7- 9 || total
-------------------------+-------+-------+-------++-------
Melee: War axe           |    93 |   128 |    98 ||   319
  Use: Potion            |       |       |     8 ||     8
       Scroll            |       |       |     4 ||     4
 Stab: Distracted        |       |       |     1 ||     1
  Eat: Chunk             |       |     6 |       ||     6
       Ration            |       |       |     2 ||     2
Armor: Scale mail        |    61 |    70 |    49 ||   180
       Skin              |       |       |     1 ||     1
Dodge: Dodged            |    45 |    43 |    38 ||   126
Block: Shield            |    65 |    79 |    58 ||   202
